 Dungeon Crawl Stone Soup version 0.31-a0-198-g2ad674f65e (webtiles) character file.

Game seed: 15460554384749143291

53 qw the Shooter (level 3, -2/20 HPs)
             Began as a Deep Elf Hunter on June 25, 2023.
             Slain by a kobold
             ... wielding a +1 whip of holy wrath
              (3 damage)
             ... on level 2 of the Dungeon.
             The game lasted 00:00:20 (701 turns).

qw the Shooter (Deep Elf Hunter)                     Turns: 701, Time: 00:00:20

Health: -2/20      AC:  5    Str: 10    XL:     3   Next: 64%
Magic:  5/5        EV: 12    Int: 13    God:
Gold:   57         SH:  0    Dex: 18    Spells: 2/2 levels left

rFire   . . .        Y - +0 shortbow
rCold   . . .        (shield currently unavailable)
rNeg    . . .        c - +0 leather armour
rPois   .            (no helmet)
rElec   .            d - +0 cloak
rCorr   .            (no gloves)
SInv    .            f - +0 pair of boots
Will    .....        (no amulet)
Stlth   ++           (no ring)
HPRegen 0.23/turn    (no ring)
MPRegen 0.09/turn

%: no passive effects
@: lethally poisoned (-2 -> -8)
A: no striking features
a: no special abilities


You were on level 2 of the Dungeon.
You visited 1 branch of the dungeon, and saw 2 of its levels.

You collected 57 gold pieces.


   Skills:
 - Level 1.5 Fighting
 + Level 7.1 Ranged Weapons
 - Level 2.4 Dodging
 - Level 1.2 Stealth


You had 2 spell levels left.
You didn't know any spells.
Your spell library was empty.

Inventory:

Hand Weapons
 Y - a +0 shortbow (weapon)
Armour
 c - a +0 leather armour (worn)
 d - a +0 cloak (worn)
 f - a +0 pair of boots (worn)
Scrolls
 a - a scroll of fear {unknown}
Potions
 b - a potion of might {unknown}
 e - a potion of degeneration {unknown}
 i - a potion of curing {unknown}

Dungeon Overview and Level Annotations

Branches:
Dungeon (2/15)

Altars:

Shops:
D:2 *


Message History

The arrow hits the adder but does no damage.
The adder barely misses you. The adder bites you. The adder barely misses you.
You shoot an arrow. The arrow hits the adder.
The adder is heavily wounded.
The adder bites you. The adder completely misses you.
You shoot an arrow. The arrow misses the adder.
The adder misses you. The adder barely misses you. x3
You shoot an arrow. The arrow closely misses the adder.
The adder closely misses you. The adder bites you but does no damage.
The kobold hits you but does no damage.
You shoot an arrow. The arrow closely misses the adder.
The adder bites you but does no damage. The adder barely misses you.
The kobold closely misses you.
You shoot an arrow. The arrow completely misses the adder.
The adder misses you. x2; The kobold barely misses you.
The adder barely misses you.
You shoot an arrow. The arrow hits the adder.
The adder is almost dead.
The adder bites you.
You are poisoned.
The adder poisons you! The adder misses you. The adder barely misses you.
The kobold barely misses you.
You shoot an arrow. The arrow hits the adder.
The adder is almost dead.
You feel sick.
The adder barely misses you. x2; The kobold closely misses you.
You shoot an arrow. The arrow barely misses the adder.
You feel sick. The adder bites you.
You are more poisoned.
The adder poisons you! The adder bites you but does no damage.
The kobold hits you with a +1 whip of holy wrath.
The adder closely misses you. The adder bites you but does no damage.
You shoot an arrow. The arrow misses the adder.
You feel very sick. The adder completely misses you. The adder misses you.
The kobold hits you with a +1 whip of holy wrath.
You shoot an arrow. The arrow barely misses the adder.
You feel sick. The adder closely misses you.
The adder bites you but does no damage.
The kobold hits you with a +1 whip of holy wrath.
You die...

(............ #.
###........>... . #.
##...##......... .. #..
#...##.......... ...#..
#.#.#..#........
......###.#...##........
.......g......##.....###
......SSK..##.##...%%#.#
..###@..###....###.#.#
..##...#######.###....
.<........# #..##....
##........# ##.##.###
#........# #..#...#
#.........# #>...###
#.........######.......
.^........##...#.......
#.........##....?...#.#


You could see 2 adders, a hobgoblin and a kobold.

Vanquished Creatures
  A gnoll (D:1)
  2 adders (D:2)
  A worm (D:2)
  3 bats
  3 endoplasms
  2 goblins (D:1)
  4 hobgoblins
  A kobold (D:1)
  A ball python (D:1)
  2 frilled lizards
  2 rats
22 creatures vanquished.

Notes
Turn   | Place    | Note
-------+----------+-------------------------------------------
     0 | D:1      | qw the Deep Elf Hunter began the quest for the Orb.
     0 | D:1      | Reached XP level 1. HP: 12/12 MP: 3/3
     0 | D:1      | 0 ||| qw: Version: 0.3-a-22-g0ed2b0b
     0 | D:1      | 0 ||| qw: Game counter: 5251
     0 | D:1      | 0 ||| qw: Melee chars always use a shield: true
     0 | D:1      | 0 ||| qw: God list: Okawaru
     0 | D:1      | 0 ||| qw: Allow faded altars: false
     0 | D:1      | 0 ||| qw: Do Orc after clearing Dungeon:15 true
     0 | D:1      | 0 ||| qw: Do second Lair branch before Depths: true
     0 | D:1      | 0 ||| qw: Lair rune preference: random
     0 | D:1      | 0 ||| qw: Goals: Normal
     0 | D:1      | 0 ||| PLANNING D:1-11
    37 | D:1      | Reached skill level 6 in Ranged Weapons
    37 | D:1      | Reached XP level 2. HP: 16/16 MP: 4/4
   159 | D:1      | 159 ||| DROPPING +1 heavy sling.
   308 | D:1      | Found a faded altar of an unknown god.
   535 | D:1      | 535 ||| UPGRADING to +0 cloak.
   540 | D:1      | 540 ||| UPGRADING to +0 pair of boots.
   545 | D:1      | 545 ||| READING scroll labelled RAHO SUPUV.
   548 | D:1      | 548 ||| READING scroll labelled IDIROM XECIECS.
   549 | D:1      | 549 ||| DROPPING scroll of butterflies.
   569 | D:2      | Found Isme's General Store.
   584 | D:2      | 584 ||| SHOPLISTING amulet of reflection (390 gold, have
                  | 47).
   584 | D:2      | 584 ||| SHOPLISTING potion of mutation (104 gold, have 47).
   623 | D:2      | Reached XP level 3. HP: 20/20 MP: 5/5
   657 | D:2      | Reached skill level 7 in Ranged Weapons
   700 | D:2      | HP: 3/20 [kobold/+1 whip of holy wrath (5)]
   701 | D:2      | HP: 1/20 [poisoned by an adder]
   701 | D:2      | Slain by a kobold

Levels and vault maps discovered:
D:1:      amcnicky_arrival_abandoned_market, layout_basic,
          ebering_ecumenical_altar_sacrificial, serial_park_tiny_2
D:2:      layout_rooms, serial_shops, nicolae_shop_trees,
          minmay_misc_feat_nine_boxes, minivault_24, serial_bayou_pond_e

Skill      XL: |  1  2  3 |
---------------+----------+-----
Ranged Weapons | 6 7 |  7.1
Fighting       | |  1.5
Dodging        | |  2.4
Stealth        | |  1.2

Action                     || total
---------------------------++-------
   Fire: Shortbow          ||    71
    Use: Scroll            ||     2
 Armour: Leather armour    ||    14
  Dodge: Dodged            ||    44

Table legend:
 A = Non-vault XP
 B = Vault XP
 C = Vault XP percentage of total XP
 D = Non-vault monster count
 E = Vault monster count
 F = Vault count percentage of total count
                 A         B        C        D         E       F
            +---------+---------+-------+---------+---------+-------
      Total |      77 |       0 |   0.0 |      22 |       0 |   0.0
            +---------+---------+-------+---------+---------+-------
        D:1 |      35 |       0 |   0.0 |      13 |       0 |   0.0
        D:2 |      42 |       0 |   0.0 |       9 |       0 |   0.0
            +---------+---------+-------+---------+---------+-------
